 Dungeon Crawl Stone Soup version 0.31-a0-851-g7ff8af7976 (webtiles) character file.

Game seed: 14989923945954289749

7561 Maratek the Ducker (level 11, -1/74 HPs)
             Began as a Gnoll Hexslinger on Oct 6, 2023.
             Was a Priest of Hepliaklqana.
             Slain by Harold
             ... wielding a +6 hand axe of electrocution
              (12 damage)
             ... on level 9 of the Dungeon.
             The game lasted 00:20:05 (9011 turns).

Maratek the Ducker (Gnoll Hexslinger)               Turns: 9011, Time: 00:20:06

Health: -1/74      AC: 15    Str:  7    XL:     11   Next: 17%
Magic:  21/21      EV: 24    Int: 13    God:    Hepliaklqana [***...]
Gold:   1270       SH:  0    Dex: 25    Spells: 23/23 levels left

rFire   . . .        a - +5 sling (elec)
rCold   . . .        (no shield)
rNeg    . . .        c - +5 steam dragon scales
rPois   .            C - +1 hat
rElec   .            B - +2 cloak
rCorr   .            (no gloves)
SInv    .            (no boots)
Will    .....        (no amulet)
Stlth   ++++         k - +5 ring of evasion
HPRegen 0.32/turn    s - +6 ring of dexterity
MPRegen 0.17/turn

%: no passive effects
@: marked
A: reduced essence, fangs 1, strong nose, distributed training
a: Renounce Religion, Recall Ancestor, Ancestor Identity, Transference


You were on level 9 of the Dungeon.
You worshipped Hepliaklqana.
Hepliaklqana was most pleased with you.
You visited 1 branch of the dungeon, and saw 9 of its levels.
You also visited: Sewer and Bailey.

You collected 1270 gold pieces.

Inventory:

Hand Weapons
 a - a +5 sling of electrocution (weapon)
Missiles
 t - a throwing net
Armour
 c - +5 steam dragon scales (worn)
 B - a +2 cloak (worn)
 C - a +1 hat (worn)
Jewellery
 k - a +5 ring of evasion (left hand)
 l - a ring of protection from cold
 s - a +6 ring of dexterity (right hand)
 w - a ring of flight
 y - a ring of magical power
Wands
 p - a wand of charming (20)
 z - a wand of iceblast (14)
Scrolls
 b - 2 scrolls of poison
 g - a scroll of immolation
 i - a scroll of amnesia
 r - 4 scrolls of teleportation
 D - 2 scrolls of fog
 H - a scroll of vulnerability
Potions
 d - 11 potions of resistance
 e - 5 potions of might
 f - 4 potions of heal wounds
 h - 3 potions of curing {unknown}
 j - 2 potions of lignification {unknown}
 n - 3 potions of degeneration {unknown}
 o - a potion of ambrosia {unknown}
 q - 4 potions of enlightenment {unknown}
 u - a potion of brilliance {unknown}
 v - 3 potions of mutation {unknown}
 x - 2 potions of haste {unknown}
 A - 2 potions of berserk rage {unknown}
 E - a potion of experience
 F - 2 potions of magic {unknown}


   Skills:
 + Level 6.7 Fighting
 + Level 6.1 Short Blades
 + Level 6.1 Long Blades
 + Level 6.1 Axes
 + Level 6.1 Maces & Flails
 + Level 6.1 Polearms
 + Level 6.1 Staves
 + Level 7.7 Ranged Weapons
 + Level 6.1 Throwing
 + Level 6.1 Armour
 + Level 7.7 Dodging
 + Level 6.1 Stealth
 + Level 6.1 Shields
 + Level 6.1 Unarmed Combat
 + Level 6.8 Spellcasting
 + Level 5.1 Conjurations
 + Level 7.5 Hexes
 + Level 5.1 Summonings
 + Level 5.1 Necromancy
 + Level 5.1 Translocations
 + Level 5.1 Transmutations
 + Level 5.5 Fire Magic
 + Level 5.1 Ice Magic
 + Level 5.1 Air Magic
 + Level 5.1 Earth Magic
 + Level 5.1 Poison Magic
 + Level 6.7 Invocations
 + Level 6.1 Evocations
 + Level 5.6 Shapeshifting


You had 23 spell levels left.
You didn't know any spells.
Your spell library contained the following spells:

 Spells                   Type           Power      Damage    Failure   Level
 Freeze                   Ice            68%        1d8       1%          1
 Sandblast                Erth           34%        2d9       1%          1
 Jinxbite                 Hex            48%        N/A       1%          2
 Sigil of Binding         Hex            24%        N/A       1%          3
 Blink                    Tloc           34%        N/A       3%          2
 Lesser Beckoning         Tloc           34%        N/A       3%          2
 Momentum Strike          Conj/Tloc      34%        3d8       3%          2
 Passwall                 Tmut/Erth      14%        N/A       3%          2
 Wereblood                Tmut           17%        N/A       3%          2
 Inner Flame              Hex/Fire       21%        N/A       3%          3
 Call Canine Familiar     Summ           17%        N/A       6%          3
 Ozocubu's Armour         Ice            17%        N/A       6%          3
 Stone Arrow              Conj/Erth      34%        3d9       6%          3
 Cause Fear               Hex            12%        N/A       7%          4
 Dimensional Bullseye     Hex/Tloc       10%        N/A       12%         4
 Leda's Liquefaction      Hex/Erth       10%        N/A       12%         4
 Brom's Barrelling Bould  Conj/Erth      17%        2d4       19%         4
 Petrify                  Tmut/Erth      17%        N/A       19%         4
 Vhi's Electric Charge    Tloc/Air       34%        N/A       19%         4
 Fireball                 Conj/Fire      9%         3d6       43%         5
 Arcjolt                  Conj/Air       8%         1d18      47%         5
 Maxwell's Capacitive Co  Air            8%         ∞         100%        8
 Dragon's Call            Summ           8%         N/A       100%        9


Dungeon Overview and Level Annotations

Branches:
Dungeon (9/15)             Temple (0/1) D:7           Sewer (visited)
 Bailey (visited)
   Lair: D:8-11         Orc: D:9-12

Altars:
Cheibriados
Dithmenos
Hepliaklqana
Kikubaaqudgha
Nemelex Xobeh
Okawaru
Qazlal
Ru
Sif Muna
Trog
Vehumet
Wu Jian
The Shining One

Shops:
D:2 [   D:9 *

Annotations:
D:9 Harold


Innate Abilities, Weirdness & Mutations

Your life essence is reduced to manifest your ancestor. (-10% HP)
You have very sharp teeth.
Your uncanny sense of smell can sniff out nearby items.
Your experience applies equally to all skills.


Message History

Harold casts a spell at you. The mark upon you grows brighter.
The orc hits you but does no damage.
You struggle against the net.
The orc barely misses you. The orc hits you but does no damage.
Harold hits you with a +6 hand axe of electrocution!
You are electrocuted!
Harold hits Amnanu with a +6 hand axe of electrocution!
Amnanu hits Harold but does no damage.
You struggle against the net.
The orc completely misses you. The orc barely misses you.
Harold closely misses you.
Harold hits Amnanu with a +6 hand axe of electrocution.
Lightning courses through Amnanu!!
Amnanu hits Harold but does no damage.
You struggle against the net.
The orc barely misses you.
Harold hits you with a +6 hand axe of electrocution!
Harold hits Amnanu but does no damage.
The orc closely misses you.
You rip the net and break free!
The orc misses you. The orc closely misses you. Harold completely misses you.
Harold hits Amnanu but does no damage.
Amnanu hits Harold with a +0 flail!
The orc attacks as it pursues you! The orc completely misses you.
Amnanu hits Harold with a +0 flail.
You shoot a sling bullet. The sling bullet barely misses the orc.
The sling bullet hits Harold!
Harold is heavily wounded.
The orc closely misses you.
You shoot a sling bullet. The sling bullet hits Harold!
Harold is severely wounded.
The orc closely misses you. Harold misses you.
The orc hits you but does no damage.
You shoot a sling bullet.
The sling bullet hits Harold but does no damage.
Harold is severely wounded.
The orc barely misses you.
Harold hits you with a +6 hand axe of electrocution!
Amnanu blocks Harold's attack.
Amnanu hits Harold with a +0 flail.
The orc hits you with a +0 flail.
Harold hits you with a +6 hand axe of electrocution!!
* * * LOW HITPOINT WARNING * * *
You are electrocuted!
You die...
Harold says, "Time to retire."

# # #............## #
#....[........## ##
...##...........)..# .#
#..##................
.####...##...............)
....#..# #..............).
.......# #......o....)...
.......# #....@o.....##..
..#...## ##....@R..###....
......# ##.(..######...>
.#<).###### ###### #.....####
###..)....#############........##
# #..#†..........................
##.########......###...>.......
#.# #.....###...........# #.#
##....##............#


You could see the friendly Amnanu the knight, Harold (ally target) and 2 orcs.

Vanquished Creatures
  An orc knight (Bailey)
  Maggie (D:7)
  2 trolls (D:9)
  A snapping turtle (Bailey)
  A wyvern (D:9)
  4 yaks (D:9)
  An acid dragon (D:6)
  A floating eye (Bailey)
  11 orc warriors
  2 ice beasts (D:5)
  3 black bears (D:6)
  A sky beast (D:7)
  A centaur (D:9)
  4 ogres
  4 kobold brigands
  A bullfrog (D:8)
  2 scorpions (D:5)
  A gnoll sergeant (D:6)
  14 wights
  6 killer bees
  3 hounds
  5 orc priests
  2 sleepcaps
  Jessica (D:2)
  3 iguanas
  An orc wizard (D:4)
  Robin (D:2)
  2 gnolls (D:6)
  4 river rats (Sewer)
  12 adders
  A shadow imp (D:5)
  A white imp (D:8)
  2 worms (D:2)
  2 dart slugs
  42 orcs
  4 endoplasms
  2 giant cockroaches
  16 goblins
  7 hobgoblins
  10 jackals
  3 quokkas
  11 ball pythons
  3 bats
  6 frilled lizards
  21 kobolds
  5 rats
232 creatures vanquished.

Vanquished Creatures (collateral kills)
  Menkaure (D:7)
  2 sky beasts
  A black bear (D:6)
  A kobold brigand (D:8)
  4 wights
  2 killer bees (D:8)
  2 orc priests
  2 orc wizards (D:8)
  3 iguanas
  A sleepcap (D:6)
  3 gnolls (D:6)
  A shadow imp (D:6)
  5 orcs
  2 kobolds
30 creatures vanquished.

Vanquished Creatures (others)
  A wizard (D:6)
  2 knights (D:9)
  An orc wizard (D:4)
  5 ancestors
9 creatures vanquished.

Grand Total: 271 creatures vanquished

Notes
Turn   | Place    | Note
-------+----------+-------------------------------------------
     0 | D:1      | Maratek the Gnoll Hexslinger began the quest for the Orb.
     0 | D:1      | Reached XP level 1. HP: 17/17 MP: 4/4
   316 | D:1      | Reached XP level 2. HP: 23/23 MP: 5/5
   892 | D:2      | Reached XP level 3. HP: 28/28 MP: 7/7
   909 | D:2      | Got a strange book
  1009 | D:2      | Noticed Jessica
  1016 | D:2      | Killed Jessica
  1017 | D:2      | Reached skill level 1 in Short Blades
  1017 | D:2      | Reached skill level 1 in Long Blades
  1017 | D:2      | Reached skill level 1 in Axes
  1017 | D:2      | Reached skill level 1 in Maces & Flails
  1017 | D:2      | Reached skill level 1 in Polearms
  1017 | D:2      | Reached skill level 1 in Staves
  1017 | D:2      | Reached skill level 1 in Throwing
  1017 | D:2      | Reached skill level 1 in Armour
  1017 | D:2      | Reached skill level 1 in Stealth
  1017 | D:2      | Reached skill level 1 in Shields
  1017 | D:2      | Reached skill level 1 in Unarmed Combat
  1017 | D:2      | Reached skill level 1 in Invocations
  1017 | D:2      | Reached skill level 1 in Evocations
  1037 | D:2      | Found Xoitekh's Antique Armour Boutique.
  1222 | D:2      | Noticed Robin
  1225 | D:2      | Reached XP level 4. HP: 30/34 MP: 8/8
  1232 | D:2      | Reached skill level 1 in Shapeshifting
  1238 | D:2      | Killed Robin
  1640 | D:3      | Reached skill level 1 in Conjurations
  1640 | D:3      | Reached skill level 1 in Summonings
  1640 | D:3      | Reached skill level 1 in Necromancy
  1640 | D:3      | Reached skill level 1 in Translocations
  1640 | D:3      | Reached skill level 1 in Transmutations
  1640 | D:3      | Reached skill level 1 in Ice Magic
  1640 | D:3      | Reached skill level 1 in Air Magic
  1640 | D:3      | Reached skill level 1 in Earth Magic
  1640 | D:3      | Reached skill level 1 in Poison Magic
  1709 | D:3      | Found a glowing golden altar of the Shining One.
  1709 | D:3      | Found a sacrificial altar of Ru.
  1752 | D:3      | Found a radiant altar of Vehumet.
  1808 | D:3      | Found a sparkling altar of Nemelex Xobeh.
  2018 | D:3      | Found a hazy altar of Hepliaklqana.
  2042 | D:3      | Became a worshipper of Hepliaklqana the Forgotten
  2134 | D:4      | Noticed an ogre
  2142 | D:4      | Killed an ogre
  2143 | D:4      | Reached XP level 5. HP: 37/41 MP: 9/9
  2179 | D:4      | Found a glowing drain.
  2201 | Sewer    | Entered a sewer
  2280 | Sewer    | Reached XP level 6. HP: 47/47 MP: 9/11
  2411 | Sewer    | Reached skill level 5 in Ranged Weapons
  2411 | Sewer    | Reached skill level 5 in Dodging
  3100 | D:4      | Reached XP level 7. HP: 52/52 MP: 12/12
  3618 | D:4      | Found a shimmering blue altar of Sif Muna.
  4174 | D:4      | Reached XP level 8. HP: 52/60 MP: 14/14
  4381 | D:5      | Entered Level 5 of the Dungeon
  4534 | D:5      | Reached * piety under Hepliaklqana
  5255 | D:6      | Reached XP level 9. HP: 59/59 MP: 16/16
  5440 | D:6      | Found a bloodstained altar of Trog.
  5448 | D:6      | Noticed a wizard
  5450 | D:6      | Killed a wizard
  5485 | D:6      | Reached skill level 5 in Spellcasting
  5628 | D:6      | Reached skill level 5 in Fighting
  5721 | D:6      | Found a snail-covered altar of Cheibriados.
  5734 | D:6      | Found an ancient bone altar of Kikubaaqudgha.
  5919 | D:7      | Found a flagged portal.
  5923 | D:7      | Noticed Maggie
  5929 | D:7      | Killed Maggie
  5930 | D:7      | Reached skill level 5 in Invocations
  5950 | Bailey   | Entered a bailey
  6484 | Bailey   | Noticed an orc knight
  6513 | Bailey   | an orc knight changed into a floating eye
  6529 | Bailey   | Noticed an orc knight
  6539 | Bailey   | an orc knight changed into a snapping turtle
  6545 | Bailey   | Reached XP level 10. HP: 27/68 MP: 18/18
  6561 | Bailey   | Reached skill level 5 in Short Blades
  6561 | Bailey   | Reached skill level 5 in Long Blades
  6561 | Bailey   | Reached skill level 5 in Axes
  6561 | Bailey   | Reached skill level 5 in Maces & Flails
  6561 | Bailey   | Reached skill level 5 in Polearms
  6561 | Bailey   | Reached skill level 5 in Staves
  6561 | Bailey   | Reached skill level 5 in Throwing
  6561 | Bailey   | Reached skill level 5 in Armour
  6561 | Bailey   | Reached skill level 5 in Stealth
  6561 | Bailey   | Reached skill level 5 in Shields
  6561 | Bailey   | Reached skill level 5 in Unarmed Combat
  6561 | Bailey   | Reached skill level 5 in Evocations
  6649 | Bailey   | Noticed an orc knight
  6681 | Bailey   | Killed an orc knight
  6946 | D:7      | Reached ** piety under Hepliaklqana
  6947 | D:7      | Remembered your ancestor Amnanu as a knight
  7052 | D:7      | Noticed Menkaure
  7057 | D:7      | Killed Menkaure
  7062 | D:7      | Found a stormy altar of Qazlal.
  7131 | D:7      | Found an ornate altar of the Wu Jian Council.
  7232 | D:7      | Found a staircase to the Ecumenical Temple.
  7523 | D:8      | Reached skill level 5 in Fire Magic
  7655 | D:8      | Reached skill level 5 in Shapeshifting
  7960 | D:8      | Found an iron altar of Okawaru.
  8019 | D:8      | Found a shadowy altar of Dithmenos.
  8270 | D:8      | Identified a scroll of acquirement
  8270 | D:8      | Acquired 707 gold pieces
  8665 | D:9      | Reached XP level 11. HP: 60/74 MP: 20/20
  8715 | D:9      | Reached *** piety under Hepliaklqana
  8744 | D:9      | Found Voibotav's Assorted Antiques.
  8856 | D:9      | Reached skill level 5 in Conjurations
  8856 | D:9      | Reached skill level 5 in Summonings
  8856 | D:9      | Reached skill level 5 in Necromancy
  8856 | D:9      | Reached skill level 5 in Translocations
  8856 | D:9      | Reached skill level 5 in Transmutations
  8856 | D:9      | Reached skill level 5 in Ice Magic
  8856 | D:9      | Reached skill level 5 in Air Magic
  8856 | D:9      | Reached skill level 5 in Earth Magic
  8856 | D:9      | Reached skill level 5 in Poison Magic
  8928 | D:9      | Noticed Harold
  9011 | D:9      | Slain by Harold

Illustrated notes

Levels and vault maps discovered:
D:1:      dpeg_arrival_court, layout_basic
D:2:      layout_basic, serial_shops,
          nicolae_shop_temple_entry_statues_fountains, uniq_jessica, uniq_robin
D:3:      layout_rooms, mainiacjoe_overflow_alcove_2,
          mainiacjoe_overflow_boulevard, mainiacjoe_overflow_alcove_1,
          gammafunk_temple_overflow_statue, chequers_serial_rivers_marsh,
          dk_noncrumbling_2
D:4:      layout_loops_ring, lemuel_crystal_altar,
          cheibrodos_sewer_entry_sluice, minmay_snake_closets
D:5:      layout_loops_ring, minmay_misc_feat_chi, chequers_serial_rivers_room_a
D:6:      layout_gridville, trog_wizard, overflow_temple_1_default,
          mainiacjoe_overflow_chevrons, minmay_holes
D:7:      layout_rooms, grunt_qazlal_clouds, kennysheep_mini_moat,
          minmay_temple_entry_waves, enter_bailey_5,
          minmay_misc_feat_secret_circle, uniq_menkaure, uniq_maggie
D:8:      layout_basic, lemuel_tele_altar, okawaru_metal_pillars_1_2
D:9:      layout_cave_pods, david_orc_5, serial_shops, nicolae_shop_peninsula,
          uniq_harold

Skill      XL: |  1  2  3  4  5  6  7  8  9 10 11 |
---------------+----------------------------------+-----
Fire Magic     | 2 3 4 5 |  5.5
Short Blades   | 1 2 3 4 5 6 |  6.1
Long Blades    | 1 2 3 4 5 6 |  6.1
Axes           | 1 2 3 4 5 6 |  6.1
Maces & Flails | 1 2 3 4 5 6 |  6.1
Polearms       | 1 2 3 4 5 6 |  6.1
Staves         | 1 2 3 4 5 6 |  6.1
Throwing       | 1 2 3 4 5 6 |  6.1
Armour         | 1 2 3 4 5 6 |  6.1
Stealth        | 1 2 3 4 5 6 |  6.1
Shields        | 1 2 3 4 5 6 |  6.1
Unarmed Combat | 1 2 3 4 5 6 |  6.1
Invocations    | 1 2 3 4 5 6 |  6.7
Evocations     | 1 2 3 4 5 6 |  6.1
Shapeshifting  | 1 2 3 4 5 |  5.6
Spellcasting   | 3 4 5 6 |  6.8
Conjurations   | 1 2 3 4 5 |  5.1
Summonings     | 1 2 3 4 5 |  5.1
Necromancy     | 1 2 3 4 5 |  5.1
Translocations | 1 2 3 4 5 |  5.1
Transmutations | 1 2 3 4 5 |  5.1
Ice Magic      | 1 2 3 4 5 |  5.1
Air Magic      | 1 2 3 4 5 |  5.1
Earth Magic    | 1 2 3 4 5 |  5.1
Poison Magic   | 1 2 3 4 5 |  5.1
Fighting       | 3 4 5 6 |  6.7
Ranged Weapons | 5 6 7 |  7.7
Dodging        | 5 6 7 |  7.7
Hexes          | 6 7 |  7.5

Action                     |  1- 3 |  4- 6 |  7- 9 | 10-12 || total
---------------------------+-------+-------+-------+-------++-------
   Fire: Sling             |    69 |   182 |   381 |   290 ||   922
 Invoke: Recall Ancestor   |       |       |       |     1 ||     1
         Ancestor Life: Kn |       |       |       |     1 ||     1
  Evoke: Wand              |       |       |     5 |     4 ||     9
    Use: Scroll            |       |       |    19 |    13 ||    32
         Potion            |       |       |     2 |       ||     2
 Armour: Robe              |    11 |    29 |    27 |       ||    67
         Ring mail         |       |       |    29 |       ||    29
         Steam dragon scal |       |       |    13 |    32 ||    45
         Acid dragon scale |       |       |     1 |       ||     1
  Dodge: Dodged            |    15 |    93 |   147 |   131 ||   386

Table legend: (Time is in decaauts)
 A = Elapsed time spent in this place.
 B = Non-inter-level travel time spent in this place.
 C = Inter-level travel time spent in this place.
 D = Time resting spent in this place.
 E = Time spent auto-exploring this place.
 F = Levels seen in this place.
 G = Mean time per level.
                   A        B        C        D        E       F      G
               +--------+--------+--------+--------+--------+-----+--------+
         Total |   9297 |   8941 |    356 |    900 |   6286 |  11 |  845.2 |
       Dungeon |   7315 |   6959 |    356 |     49 |   5612 |   9 |  812.8 |
         Sewer |   1031 |   1031 |      0 |    176 |    570 |   1 | 1031.0 |
        Bailey |    950 |    950 |      0 |    675 |    104 |   1 |  950.0 |
               +--------+--------+--------+--------+--------+-----+--------+

Top non-repeatable levels by time:
     D:4: 1444 daAuts
   Sewer: 1031 daAuts
  Bailey: 950 daAuts
     D:5: 881 daAuts
     D:8: 878 daAuts
     D:2: 834 daAuts
     D:1: 687 daAuts
     D:6: 686 daAuts
     D:7: 667 daAuts
     D:9: 624 daAuts
     D:3: 609 daAuts
